 Dungeon Sprint DCSS version 0.29.1-2-gbd0b4ee654 (webtiles) character file.

Game seed: 11632551579523996815

1100 Groucho the Ducker (level 8, -1/71 HPs)
             Began as a Minotaur Air Elementalist on Oct 29, 2022.
             Was a Believer of Cheibriados.
             Slain by a troll (10 damage)
             ... in the Dungeon (Sprint IX: "|||||||||||||||||||||||||||||").
             The game lasted 00:02:34 (1376 turns).

Groucho the Ducker (Minotaur Air Elementalist)      Turns: 1376, Time: 00:02:34

Health: -1/71      AC: 12    Str: 19    XL:     8   Next: 10%
Magic:  13/13      EV: 11    Int: 16    God:    Cheibriados [**....]
Gold:   0          SH:  0    Dex: 21    Spells: 14/15 levels left

rFire   . . .      SeeInvis .   l - +2 rapier (venom)
rCold   . . .      Faith    .   (no shield)
rNeg    . . .      Spirit   .   p - +1 chain mail
rPois   .          Reflect  .   (helmet restricted)
rElec   .          Harm     .   (no cloak)
rCorr   .          Rampage  .   (no gloves)
Will    .....      NoTele   +   m - +0 pair of boots
Stlth   ..........              (no amulet)
HPRegen 0.21/turn               n - +3 ring of dexterity
MPRegen 0.13/turn               o - +3 ring of dexterity

@: confused, on berserk cooldown, slowed, very slow
A: horns 2, retaliatory headbutt
a: Renounce Religion, Bend Time


You were in the Dungeon.
You worshipped Cheibriados.
Cheibriados was pleased with you.
You visited 1 branch

Inventory:

Hand Weapons
 h - a +3 dagger
 l - a +2 rapier of venom (weapon)
Armour
 a - a +0 robe
 m - a +0 pair of boots (worn)
 p - a +1 chain mail (worn)
Jewellery
 n - a +3 ring of dexterity (left hand)
 o - a +3 ring of dexterity (right hand)
Wands
 k - a wand of roots (10)
Scrolls
 g - 2 scrolls of blinking
 j - 2 scrolls of amnesia
Potions
 b - 5 potions of magic
 e - a potion of haste


   Skills:
 + Level 6.8 Fighting
 + Level 6.1 Short Blades
 + Level 6.8 Armour
 + Level 6.9 Dodging
 + Level 5.5 Stealth
 + Level 6.2 Unarmed Combat
 + Level 4.3 Spellcasting
 + Level 4.3 Conjurations
 + Level 5.4 Air Magic


You had 14 spell levels left.
You knew the following spells:

 Your Spells              Type           Power      Damage    Failure   Level
a - Shock                 Conj/Air       76%        1d7       21%         1

Your spell library contained the following spells:

 Spells                   Type           Power      Damage    Failure   Level
 Static Discharge         Conj/Air       19%        3-6/arc   30%         2
 Swiftness                Air            21%        N/A       43%         3
 Airstrike                Air            10%        2d(2-18)  85%         4


Dungeon Overview and Level Annotations

Branches:
Dungeon (1/1)

Altars:
Cheibriados
Dithmenos
Elyvilon
Fedhas
Gozag
Hepliaklqana
Kikubaaqudgha
Makhleb
Nemelex Xobeh
Okawaru
Qazlal
Ru
Sif Muna
Trog
Uskayaw
Vehumet
Wu Jian
Xom
Yredelemnul
Zin
The Shining One
Jiyva
Lugonu


Innate Abilities, Weirdness & Mutations

You have a pair of horns on your head.
You reflexively headbutt those who attack you in melee.


Message History

Cheibriados appreciates the change of pace.
The golden eye blinks!
Your Short Blades skill increases to level 6!
Your Unarmed Combat skill increases to level 6!
You have reached level 8!
You feel stronger.
You miss the troll.
The golden eye turns its gaze towards you.
The golden eye blinks at you. You resist with almost no effort.
The deep elf pyromancer gestures wildly while chanting.
The troll bites you but does no damage. The troll claws you!
The troll claws you but does no damage.
You bump into the unnaturally hard rock wall.
The troll bites you but does no damage. The troll claws you!
The troll claws you but does no damage.
You're too confused to move!
You feel a strong urge to attack something.
You feel less confused.
You are no longer berserk.
You are exhausted.
You feel yourself slow down. The golden eye blinks at you.
You resist with almost no effort. The troll bites you!
The troll claws you but does no damage. The troll claws you!
You hit the troll.
The troll is poisoned.
Your punch misses the troll.
The troll is lightly wounded.
The golden eye blinks at you.
You are confused.
The troll closely misses you. The troll claws you! x2
* * * LOW HITPOINT WARNING * * *
You bump into the unnaturally hard rock wall.
The golden eye blinks at you.
You are more confused.
The troll bites you.
* * * LOW HITPOINT WARNING * * *
The troll claws you but does no damage. The troll claws you.
* * * LOW HITPOINT WARNING * * *
The golden eye blinks at you. You resist with almost no effort.
The troll bites you!
You die...

▓.▓
▓.▓
▓K▓
▓G▓
▓O▓
▓e▓
▓E▓
▓T▓
▓@▓
▓.▓
▓[▓
▓)▓
▓'▓
▓.▓
▓.▓
▓.▓
▓[▓


You could see a two-headed ogre, a deep elf pyromancer, a kobold demonologist, a
troll (very poisoned), a fire elemental (summoned) and a golden eye.

Vanquished Creatures
  A komodo dragon (D)
  A tengu conjurer (D)
  2 trolls (D)
  A wyvern (D)
  A black bear (D)
  A kobold brigand (D)
  A killer bee (D)
  An iguana (D)
  An adder (D)
  A dart slug (D)
  An orc (D)
  2 ball pythons (D)
  An endoplasm (D)
  A kobold (D)
  A frilled lizard (D)
17 creatures vanquished.

Notes
Turn   | Place    | Note
-------+----------+-------------------------------------------
     0 | D        | Groucho the Minotaur Air Elementalist began the quest for
                  | the Orb.
     0 | D        | Reached XP level 1. HP: 14/14 MP: 1/1
   428 | D        | Noticed a black bear
   428 | D        | Noticed an iguana
   433 | D        | Killed an iguana
   434 | D        | Reached skill level 1 in Fighting
   434 | D        | Reached skill level 1 in Short Blades
   434 | D        | Reached skill level 1 in Armour
   434 | D        | Reached skill level 1 in Unarmed Combat
   434 | D        | Reached skill level 1 in Conjurations
   434 | D        | Reached XP level 2. HP: 23/23 MP: 4/4
   434 | D        | Reached XP level 3. HP: 28/28 MP: 5/5
   444 | D        | Killed a black bear
   445 | D        | Reached XP level 4. HP: 19/38 MP: 6/6
   896 | D        | Found a snail-covered altar of Cheibriados.
   896 | D        | Found a shadowy altar of Dithmenos.
   896 | D        | Found a white marble altar of Elyvilon.
   896 | D        | Found a blossoming altar of Fedhas.
   896 | D        | Found an opulent altar of Gozag.
   897 | D        | Found a hazy altar of Hepliaklqana.
   898 | D        | Found a viscous altar of Jiyva.
   899 | D        | Found an ancient bone altar of Kikubaaqudgha.
   900 | D        | Became a worshipper of Cheibriados the Contemplative
   901 | D        | Found a corrupted altar of Lugonu.
   902 | D        | Found a burning altar of Makhleb.
   903 | D        | Found a sparkling altar of Nemelex Xobeh.
   904 | D        | Found an iron altar of Okawaru.
   905 | D        | Found a stormy altar of Qazlal.
   906 | D        | Found a sacrificial altar of Ru.
   907 | D        | Found a shimmering blue altar of Sif Muna.
   908 | D        | Found a bloodstained altar of Trog.
   909 | D        | Found a hide-covered altar of Uskayaw.
   910 | D        | Found a radiant altar of Vehumet.
   911 | D        | Found an ornate altar of the Wu Jian Council.
   912 | D        | Found a shimmering altar of Xom.
   913 | D        | Found a basalt altar of Yredelemnul.
   914 | D        | Found a glowing silver altar of Zin.
   915 | D        | Found a glowing golden altar of the Shining One.
   964 | D        | Noticed a troll
   964 | D        | Noticed a troll
   964 | D        | Noticed a kobold brigand
   964 | D        | Noticed a komodo dragon
   964 | D        | Noticed a wyvern
   972 | D        | Killed a wyvern
   973 | D        | Reached skill level 5 in Dodging
   973 | D        | Reached XP level 5. HP: 39/47 MP: 6/8
   973 | D        | Reached XP level 6. HP: 44/53 MP: 6/9
   974 | D        | Killed a komodo dragon
   980 | D        | Reached skill level 5 in Fighting
   980 | D        | Reached skill level 5 in Armour
   987 | D        | Killed a troll
   987 | D        | Reached * piety under Cheibriados
   988 | D        | Reached skill level 5 in Short Blades
   988 | D        | Reached skill level 5 in Unarmed Combat
   988 | D        | Reached skill level 5 in Air Magic
   988 | D        | Reached XP level 7. HP: 29/62 MP: 7/11
   994 | D        | Killed a troll
   995 | D        | Reached skill level 5 in Stealth
   999 | D        | Reached ** piety under Cheibriados
  1367 | D        | Noticed a kobold demonologist
  1367 | D        | Noticed a golden eye
  1367 | D        | Noticed a two-headed ogre
  1367 | D        | Noticed a deep elf pyromancer
  1367 | D        | Noticed a troll
  1367 | D        | Noticed a tengu conjurer
  1371 | D        | Killed a tengu conjurer
  1372 | D        | Reached XP level 8. HP: 71/71 MP: 13/13
  1376 | D        | Slain by a troll

Illustrated notes

Levels and vault maps discovered:
D:        linesprint [early_d, line_temple, items_1, d_10, items_2, lair_1,
          lair_end, items_3, orc_1, orc_end, items_4, d_15, swamp_1, shoals_1,
          snake_1, spider_1, d_20, vaults_1, items_5, swamp_end, shoals_end,
          snake_end, spider_end, vaults_end, d_27, items_6, zot_1, zot_end,
          crypt_end, forest_end, elf_end, slime_end, tomb_end, abyss_end,
          pan_hell_end]

Skill      XL: |  1  2  3  4  5  6  7 |
---------------+----------------------+-----
Air Magic      | 3 4 5 |  5.4
Fighting       | 1 3 4 5 6 |  6.8
Short Blades   | 1 2 4 5 6 |  6.1
Armour         | 1 3 4 5 6 |  6.8
Dodging        | 3 4 5 6 |  6.9
Stealth        | 2 3 4 5 |  5.5
Unarmed Combat | 1 2 4 5 6 |  6.2
Spellcasting   | 2 3 4 |  4.3
Conjurations   | 1 2 3 4 |  4.3

Action                   |  1- 3 |  4- 6 |  7- 9 || total
-------------------------+-------+-------+-------++-------
Melee: Unarmed           |    15 |       |       ||    15
       Dagger            |    14 |     7 |       ||    21
       Headbutt          |     3 |     6 |     4 ||    13
       Punch             |     1 |       |       ||     1
       Rapier            |       |    17 |    12 ||    29
  Use: Potion            |     2 |     4 |     4 ||    10
 Stab: Invisible         |       |     2 |       ||     2
Armor: Robe              |     4 |     1 |       ||     5
       Chain mail        |       |    10 |    13 ||    23
Dodge: Dodged            |    22 |    23 |    15 ||    60
